 Dungeon Crawl Stone Soup version 0.29.1-15-g9cfb28693d (webtiles) character file.

Game seed: 4531940271676896710

792 protoss039 the Digger (level 7, -2/52 HPs)
             Began as a Demonspawn Earth Elementalist on Mar 13, 2023.
             Slain by a steam dragon (5 damage)
             ... on level 5 of the Dungeon.
             The game lasted 00:08:42 (5085 turns).

protoss039 the Digger (DsEE)                        Turns: 5085, Time: 00:08:42

Health: -2/52      AC: 16    Str:  8    XL:     7   Next: 57%
Magic:  1/12       EV: 11    Int: 18    God:
Gold:   321        SH:  4    Dex: 14    Spells: 6/12 levels left

rFire   . . .      SeeInvis .   u - +2 dagger (speed)
rCold   + + .      Faith    .   n - +0 buckler
rNeg    . . .      Spirit   .   k - +0 leather armour
rPois   .          Reflect  .   (no helmet)
rElec   .          Harm     .   q - scarf {rC+ rF+}
rCorr   .          Rampage  .   (no gloves)
Will    .....                   (no boots)
Stlth   ++........              (no amulet)
HPRegen 0.17/turn               m - ring of ice
MPRegen 0.13/turn               a - +4 ring of protection

@: sanguine armoured
A: powered by death 1, sanguine armour 2
a: no special abilities


You were on level 5 of the Dungeon.
You visited 1 branch of the dungeon, and saw 5 of its levels.

You collected 321 gold pieces.

Inventory:

Hand Weapons
 u - a +2 dagger of speed (weapon)
Missiles
 f - a throwing net
Armour
 k - a +0 leather armour (worn)
 n - a +0 buckler (worn)
 q - a scarf of resistance (worn)
Magical Staves
 s - a staff of poison
Jewellery
 a - a +4 ring of protection (right hand)
 l - a ring of willpower
 m - a ring of ice (left hand)
 t - a ring of ice
Wands
 r - a wand of flame (1)
 y - a wand of digging (8)
Scrolls
 g - 3 scrolls of identify
 j - 2 scrolls of fear
 o - a scroll of enchant armour {unknown}
 v - a scroll of enchant weapon {unknown}
Potions
 b - a potion of magic
 c - a potion of degeneration {unknown}
 d - a potion of haste {unknown}
 e - a potion of brilliance {unknown}
 h - 2 potions of mutation {unknown}
 i - 3 potions of curing {unknown}
 p - a potion of flight {unknown}
 w - 2 potions of might {unknown}
 x - a potion of berserk rage {unknown}


   Skills:
 + Level 3.4 Fighting
 * Level 2.8 Armour
 - Level 3.0 Dodging
 + Level 2.0 Stealth
 * Level 2.6 Shields
 + Level 3.3 Spellcasting
 * Level 2.3 Conjurations
 - Level 0.8 Transmutations
 + Level 3.9 Earth Magic


You had 6 spell levels left.
You knew the following spells:

 Your Spells              Type           Power      Damage    Failure   Level
a - Sandblast             Erth           34%        2d9       6%          1
b - Passwall              Tmut/Erth      9%         N/A       16%         2
c - Stone Arrow           Conj/Erth      28%        3d8       24%         3

Your spell library contained the following spells:

 Spells                   Type           Power      Damage    Failure   Level
 Confusing Touch          Hex            3%         N/A       65%         3
 Petrify                  Tmut/Erth      11%        N/A       71%         4
 Yara's Violent Unravell  Hex/Tmut       2%         3d3       100%        5
 Enfeeble                 Hex            1%         N/A       100%        7


Dungeon Overview and Level Annotations

Branches:
Dungeon (5/15) Zot: 24872
 Temple: D:4-7

Altars:
Kikubaaqudgha
Qazlal
Xom

Shops:
D:4 (

Annotations:
D:4 2 transporters, MrClown's ghost, amateur DsNe
D:5 Ceigo's ghost, amateur DgFi


Innate Abilities, Weirdness & Mutations

You regenerate a little health from kills.
When seriously injured, your blood forms thick armour. (AC +9)


Message History

The steam dragon misses you.
Unknown command.
Casting: Sandblast (safe; 6% risk of failure)
Confirm with . or Enter, or press ? or * to list all spells.
Aiming: Sandblast (safe; 6% risk of failure)
Press: ? - help, Shift-Dir - straight line, f/p - steam dragon
Aim: a steam dragon (severely wounded, catching its breath, 82% to hit)
The blast of sand hits the steam dragon.
The steam dragon is severely wounded.
The steam dragon bites you! The steam dragon completely misses you.
The steam dragon misses you.
The steam dragon claws you but does no damage.
An orc comes into view. It is wielding a +0 hand axe.
Unknown command.
Casting: Sandblast (safe; 6% risk of failure)
Confirm with . or Enter, or press ? or * to list all spells.
Aiming: Sandblast (safe; 6% risk of failure)
Press: ? - help, Shift-Dir - straight line, f/p - steam dragon
Aim: a steam dragon (severely wounded, 82% to hit)
The blast of sand hits the steam dragon but does no damage.
The steam dragon is severely wounded.
The steam dragon breathes steam at you. The ball of steam hits you!
* * * LOW HITPOINT WARNING * * *
You hear a shout! x2
Your magical contamination has completely faded away.
Unknown command.
The steam dragon bites you!
* * * LOW HITPOINT WARNING * * *
The steam dragon barely misses you.
Unknown command.
Casting: Sandblast (safe; 6% risk of failure)
Confirm with . or Enter, or press ? or * to list all spells.
Aiming: Sandblast (safe; 6% risk of failure)
Press: ? - help, Shift-Dir - straight line, f/p - steam dragon
Aim: a steam dragon (severely wounded, 82% to hit)
The blast of sand hits the steam dragon.
The steam dragon is almost dead.
The steam dragon closely misses you. The steam dragon claws you.
You die...

#.........#
#...##.....#
#...###..#..#
##..###
#..#... #...#
#..#... ####
##...# #..###.
###...##..# #.
. ..§§§§§§D#
...o....@##
..........##
...........#
..........##
..........#
..........#
.....
.........##
#...........
........#
............
........#
##............


You could see a steam dragon and an orc.

Vanquished Creatures
  Menkaure (D:4)
  An ice beast (D:5)
  2 scorpions (D:5)
  A necrophage (D:5)
  A howler monkey (D:4)
  3 orc priests (D:4)
  A hound (D:3)
  2 iguanas (D:4)
  An orc wizard (D:4)
  3 gnolls (D:4)
  5 adders
  2 worms
  3 dart slugs
  9 orcs
  6 endoplasms
  5 giant cockroaches
  6 goblins
  6 hobgoblins
  3 jackals (D:4)
  5 kobolds
  5 quokkas
  4 ball pythons
  4 bats
  A frilled lizard (D:3)
  2 rats (D:2)
82 creatures vanquished.

Vanquished Creatures (others)
  A human (D:3)
1 creature vanquished.

Grand Total: 83 creatures vanquished

Notes
Turn   | Place    | Note
-------+----------+-------------------------------------------
     0 | D:1      | protoss039 the Demonspawn Earth Elementalist began the
                  | quest for the Orb.
     0 | D:1      | Reached XP level 1. HP: 13/13 MP: 3/3
   154 | D:1      | Found a faded altar of an unknown god.
   169 | D:1      | Gained mutation: When seriously injured, your blood forms
                  | armour. (AC +9) [demonic ancestry]
   169 | D:1      | Reached XP level 2. HP: 20/20 MP: 3/5
   358 | D:1      | Reached skill level 1 in Fighting
   926 | D:1      | Learned a level 2 spell: Passwall
  1042 | D:2      | Reached XP level 3. HP: 26/26 MP: 2/6
  1790 | D:2      | Learned a level 3 spell: Stone Arrow
  1921 | D:3      | Found a stormy altar of Qazlal.
  1922 | D:3      | Noticed a water elemental
  1927 | D:3      | Noticed a fire elemental
  1931 | D:3      | Noticed an air elemental
  1931 | D:3      | Noticed an earth elemental
  1955 | D:3      | Gained mutation: You regenerate a little health from kills.
                  | [demonic ancestry]
  1955 | D:3      | Reached XP level 4. HP: 24/33 MP: 2/8
  2157 | D:3      | Found an ancient bone altar of Kikubaaqudgha.
  2172 | D:3      | Noticed a human
  2175 | D:3      | Killed a human
  2527 | D:4      | Noticed Menkaure
  2532 | D:4      | Killed Menkaure
  2533 | D:4      | Reached skill level 1 in Armour
  2533 | D:4      | Reached skill level 1 in Shields
  2533 | D:4      | Reached skill level 1 in Conjurations
  2533 | D:4      | Reached XP level 5. HP: 39/39 MP: 4/9
  2654 | D:4      | Found Zidyxzie's Weapon Shoppe.
  2900 | D:4      | Gained mutation: When seriously injured, your blood forms
                  | thick armour. (AC +9) [demonic ancestry]
  2900 | D:4      | Reached XP level 6. HP: 46/46 MP: 7/10
  3417 | D:4      | Found a shimmering altar of Xom.
  3568 | D:4      | Found a transporter.
  3568 | D:4      | Noticed MrClown's ghost (amateur DsNe)
  4402 | D:4      | Found a transporter.
  4423 | D:5      | Entered Level 5 of the Dungeon
  4540 | D:5      | Noticed an ice beast
  4541 | D:5      | Noticed Ceigo's ghost (amateur DgFi)
  4569 | D:5      | Noticed an ice beast
  4579 | D:5      | Killed an ice beast
  4580 | D:5      | Reached XP level 7. HP: 47/52 MP: 5/11
  5075 | D:5      | Noticed a steam dragon
  5084 | D:5      | HP: 2/52 [steam dragon (9)]
  5085 | D:5      | Slain by a steam dragon

Illustrated notes

Levels and vault maps discovered:
D:1:      minmay_arrival_cross, layout_basic, basic_ecumenical_altar,
          nicolae_figureground_sparkle
D:2:      layout_loops_cross, minmay_tripent
D:3:      layout_rooms, nicolae_qazlal_style_of_elements, tgw_kikubaaqudgha,
          minivault_24
D:4:      layout_loops_cross, mainiacjoe_overflow_alcove_4,
          gammafunk_ghost_smash, serial_shops, shop, uniq_menkaure
D:5:      layout_cave_pods, gammafunk_ghost_icy

Skill      XL: |  1  2  3  4  5  6  7 |
---------------+----------------------+-----
Fighting       | 1 2 3 |  3.4
Earth Magic    | 3 |  3.9
Armour         | 1 2 |  2.8
Dodging        | 2 3 |  3.0
Shields        | 1 2 |  2.6
Conjurations   | 1 2 |  2.3
Spellcasting   | 3 |  3.3
Stealth        | 2 |  2.0
Transmutations | |  0.8

Action                   |  1- 3 |  4- 6 |  7- 9 || total
-------------------------+-------+-------+-------++-------
Melee: Short sword       |    80 |    33 |       ||   113
       Punch             |     2 |       |       ||     2
       Unarmed           |     1 |       |       ||     1
       Dagger            |       |     6 |     6 ||    12
 Cast: Sandblast         |    33 |    89 |    32 ||   154
       Passwall          |       |     4 |       ||     4
       Stone Arrow       |       |       |     1 ||     1
Evoke: Wand              |       |     2 |       ||     2
  Use: Scroll            |       |     3 |       ||     3
 Stab: Sleeping          |     2 |       |       ||     2
Armor: Robe              |    17 |       |       ||    17
       Leather armour    |     9 |    15 |    11 ||    35
Dodge: Dodged            |    62 |    42 |    20 ||   124
Block: Buckler           |       |    16 |     6 ||    22
